 Dungeon Crawl Stone Soup version 0.24.0-123-gd5b16e6ec5 (webtiles) character file.

Game seed: 15997983461169550391, levelgen mode: deterministic

121 Kobolds4U the Conjurer (level 4, -1/24 HPs)
             Began as a Deep Elf Conjurer on Dec 21, 2019.
             Slain by an adder (5 damage)
             ... on level 2 of the Dungeon.
             The game lasted 00:03:25 (1729 turns).

Kobolds4U the Conjurer (Deep Elf Conjurer)          Turns: 1729, Time: 00:03:25

Health: -1/24      AC:  3    Str:  6    XL:     4   Next: 77%
Magic:  0/10       EV: 13    Int: 20    God:
Gold:   98         SH:  0    Dex: 15    Spells: 3/9 levels left

rFire    . . .     SeeInvis .   d - +0 dagger
rCold    . . .     Gourm    .   (no shield)
rNeg     . . .     Faith    .   a - +0 robe
rPois    .         Spirit   .   (no helmet)
rElec    .         Reflect  .   (no cloak)
rCorr    .         Harm     .   (no gloves)
MR       .....                  e - +0 pair of boots
Stlth    ++........             (no amulet)
HPRegen  0.08/turn              (no ring)
MPRegen  0.12/turn              (no ring)

@: lethally poisoned (-1 -> -8)
A: no striking features
a: no special abilities


You were on level 2 of the Dungeon.
You were hungry.

You visited 1 branch of the dungeon, and saw 2 of its levels.

You collected 98 gold pieces.

Inventory:

Hand Weapons
 d - a +0 dagger (weapon)
Armour
 a - a +0 robe (worn)
 e - a +0 pair of boots (worn)
Scrolls
 b - 2 scrolls of fear {unknown}
 g - 2 scrolls of fog {unknown}
 i - 4 scrolls of identify {unknown}
 j - 2 scrolls of immolation {unknown}
 k - 2 scrolls of enchant weapon {unknown}
 l - a scroll of teleportation {unknown}
 m - 2 scrolls of blinking {unknown}
 n - a scroll of enchant armour {unknown}
Potions
 f - a potion of lignification {unknown}
Comestibles
 c - 2 rations
 h - 8 chunks of flesh


   Skills:
 - Level 2.4 Dodging
 - Level 2.4 Stealth
 - Level 3.0 Spellcasting
 + Level 6.7 Conjurations


You had 3 spell levels left.
You knew the following spells:

 Your Spells              Type           Power        Failure   Level  Hunger
a - Magic Dart            Conj           ####         1%          1    None
b - Searing Ray           Conj           ####..       1%          2    ##.....
c - Dazzling Spray        Conj/Hex       ###...       11%         3    ###....

Your spell library contained the following spells:

 Spells                   Type           Power        Failure   Level  Hunger
 Iskenderun's Mystic Bla  Conj           ####....     9%          4    ####...
 Force Lance              Conj/Tloc      ###.....     34%         4    ####...
 Fulminant Prism          Conj/Hex       ###.......   34%         4    ####...


Dungeon Overview and Level Annotations

Branches:
Dungeon (2/15)

Altars:
Uskayaw
The Shining One


Message History

You barely miss the adder.
The adder is heavily wounded.
You feel sick. The adder completely misses you.
You closely miss the adder.
The adder is heavily wounded.
* * * LOW HITPOINT WARNING * * *
You feel sick. The adder closely misses you.
You hit the adder.
The adder is heavily wounded.
* * * LOW HITPOINT WARNING * * *
You feel sick. The adder completely misses you. The adder closely misses you.
You hit the adder.
The adder is severely wounded.
* * * LOW HITPOINT WARNING * * *
You feel sick. The adder bites you.
* * * LOW HITPOINT WARNING * * *
You closely miss the adder.
The adder is severely wounded.
The adder bites you.
You die...

#.# #.# #.# #######.#
#.# #.......# #.######
#.####### #.#....####.#
#####.##.#......####
..................>#
#####.##.........#.#####
#####.###.######@#.(...#
....#.# #.# ###S#####.#
###.(.###.####.....#.#)#
##.........#.#.#.#...#.#
#)####.##.#.#.........#
#..# #.##.#.##..#.#####
##># #.##.#.###.#... #.#
#.##.#.# #.#####
#.###.##.#.# #.# ###


You could see an adder.

Vanquished Creatures
  Jessica (D:2)
  A gnoll (D:2)
  4 adders (D:2)
  2 oozes (D:1)
  A worm (D:2)
  A dart slug (D:2)
  A leopard gecko (D:1)
  A giant cockroach (D:1)
  4 goblins
  5 hobgoblins
  8 kobolds
  A ball python (D:2)
  3 bats (D:2)
  2 frilled lizards
  7 rats
42 creatures vanquished.

Notes
Turn   | Place    | Note
-------+----------+-------------------------------------------
     0 | D:1      | Kobolds4U the Deep Elf Conjurer began the quest for the
                  | Orb.
     0 | D:1      | Reached XP level 1. HP: 10/10 MP: 6/6
    39 | D:1      | Reached XP level 2. HP: 1/15 MP: 4/8
    43 | D:1      | Learned a level 2 spell: Searing Ray
   317 | D:1      | Reached skill level 5 in Conjurations
  1058 | D:2      | Found a glowing golden altar of the Shining One.
  1058 | D:2      | Found a hide-covered altar of Uskayaw.
  1063 | D:2      | Reached XP level 3. HP: 19/19 MP: 5/9
  1359 | D:2      | Reached skill level 6 in Conjurations
  1363 | D:2      | Reached XP level 4. HP: 24/24 MP: 5/10
  1368 | D:2      | Learned a level 3 spell: Dazzling Spray
  1692 | D:2      | Noticed Jessica
  1695 | D:2      | Killed Jessica
  1729 | D:2      | Slain by an adder

Levels and vault maps discovered:
D:1:      erik_arrival_gehennom, layout_rooms, minmay_statues_item, minivault_27
D:2:      minmay_skewed_foursquare, layout_basic,
          gammafunk_temple_overflow_statue, first_ration, minmay_hedge_maze,
          uniq_jessica

Skill      XL: |  1  2  3 |
---------------+----------+-----
Conjurations   | 5 6 |  6.7
Dodging        | |  2.4
Stealth        | |  2.4
Spellcasting   | |  3.0

Action                   |  1- 3 |  4- 6 || total
-------------------------+-------+-------++-------
Melee: Dagger            |     6 |    21 ||    27
 Cast: Magic Dart        |    47 |    18 ||    65
       Searing Ray       |     1 |     3 ||     4
 Stab: Sleeping          |     2 |     3 ||     5
  Eat: Chunk             |     1 |     1 ||     2
Armor: Robe              |     2 |     2 ||     4
Dodge: Dodged            |    10 |    22 ||    32
